 Dungeon Crawl Stone Soup version 0.17.1-1-g73c8601 (console) character file.

87332 Kloppie the Slicer (level 15, -6/88 HPs)
             Began as a Vine Stalker Berserker on Dec 27, 2015.
             Was a High Priest of Trog.
             Killed from afar by a shock serpent (13 damage)
             ... with a bolt of electricity
             ... on level 1 of the Snake Pit on Dec 28, 2015.
             The game lasted 01:00:57 (22150 turns).

Kloppie the Slicer (Vine Stalker Berserker)        Turns: 22150, Time: 01:00:57

Health: -6/88      AC: 25    Str: 20    XL:     15   Next: 90%
Magic:  0/17       EV: 12    Int: 10    God:    Trog [*****.]
Gold:   2788       SH:  7    Dex: 20    Spells: 0 memorised, 14 levels left

rFire  + . .     SeeInvis .     p - +0 falchion (vamp)
rCold  . . .     Clarity  .     V - +2 chain mail {MR+}
rNeg   . . .     SustAt   .     N - +1 buckler {AC+3}
rPois  +         Gourm    .     Y - +2 helmet {Int+3}
rElec  .         Spirit   +     q - +1 cloak
rCorr  .         Warding  .     U - +0 pair of gloves
rMut   .         Stasis   .     x - +0 pair of boots {run}
MR     ++++.                    J - amulet of regeneration
Stlth  ..........               d - ring of poison resistance
                                u - ring of protection from fire

@: regenerating, constricted, quick, incredibly resistant to hostile
enchantments, extremely unstealthy
A: fangs 3, regeneration 3, magic shield, antimagic bite, no device heal 3, rot
immunity
a: Berserk, Trog's Hand, Brothers in Arms, Burn Spellbooks, Renounce Religion


You were on level 1 of the Snake Pit.
You worshipped Trog.
Trog was extremely pleased with you.
You were not hungry.

You visited 4 branches of the dungeon, and saw 25 of its levels.
You also visited: Ossuary, Ice Cave and Volcano.

You collected 2828 gold pieces.
You spent 40 gold pieces at shops.

Inventory:

Hand Weapons
 a - a +2 rapier of freezing
 p - a +0 vampiric falchion (weapon)
 w - the +0 long sword "Rassen" {flame, rC++ Int-3}
   (You found it on level 1 of the Lair of Beasts)

   It has been specially enchanted to burn those struck by it, causing extra
   injury to most foes and up to half again as much damage against particularly
   susceptible opponents.
   Big, fiery blades are also staple armaments of hydra-hunters.
   It affects your intelligence (-3).
   It greatly protects you from cold.
Armour
 q - a +1 cloak (worn)
 x - a +0 pair of boots of running (worn)
 N - a +1 buckler of protection (worn)
 S - the +0 leather armour "Uziext" {+Inv rElec rF+}
   (You found it in an ice cave)

   It protects you from fire.
   It insulates you from electricity.
   It lets you turn invisible.
 U - a +0 pair of gloves (worn)
 V - a +2 chain mail of magic resistance (worn)
 Y - a +2 helmet of intelligence (worn)
Jewellery
 d - a ring of poison resistance (right hand)
 g - an uncursed amulet of warding
 r - an uncursed ring of flight
 s - an uncursed ring of see invisible
 t - an uncursed ring of teleportation
 u - a ring of protection from fire (left hand)
 F - an uncursed ring of stealth
 J - an amulet of regeneration (around neck)
 M - an uncursed amulet of resist mutation
 R - an uncursed ring of protection from cold
Wands
 e - a wand of teleportation (8)
 f - a wand of draining (7)
 j - a wand of lightning (5)
 v - a wand of disintegration (4)
 L - a wand of hasting (7)
Scrolls
 b - a scroll of fog {unknown}
 h - 4 scrolls of teleportation
 m - 6 scrolls of identify
 y - a scroll of remove curse
 z - 3 scrolls of enchant armour
 A - 2 scrolls of enchant weapon
 H - 2 scrolls of recharging
 P - 2 scrolls of blinking
 W - 2 scrolls of magic mapping
Potions
 i - 14 potions of curing
 l - 2 potions of cancellation
 o - 6 potions of might
 B - 2 potions of flight
 C - 3 potions of lignification
 D - 3 potions of ambrosia
 G - 3 potions of resistance
 I - a potion of agility
 K - 2 potions of brilliance
 O - a potion of cure mutation {unknown}
 T - a potion of berserk rage
Comestibles
 c - 11 bread rations
 n - 3 meat rations
 E - 7 royal jellies


   Skills:
 - Level 14.0 Fighting
 - Level 14.0(14.1) Short Blades
 + Level 2.0(9.5) Long Blades
 - Level 10.3 Armour
 - Level 10.1 Dodging
 - Level 4.5 Shields
 + Level 2.0 Evocations


You had 14 spell levels left.
You didn't know any spells.

Dungeon Overview and Level Annotations

Branches:
Dungeon (12/15)            Temple (0/1) D:5            Lair (8/8) D:9
 Shoals (0/4) Lair:4        Snake (1/4) Lair:5        Slime (0/6) Lair:6
    Orc (4/4) D:11            Elf (0/3) Orc:4

Altars:
Cheibriados
Dithmenos
Fedhas
Kikubaaqudgha
Makhleb
Nemelex Xobeh
Okawaru
Ru
Sif Muna
Beogh
Jiyva

Shops:
Orc:4 %(![

Annotations:
D:3 dalle's ghost, amateur HECj
Lair:5 exclusion: oklob plant


Innate Abilities, Weirdness & Mutations

You have razor-sharp teeth.
You regenerate.
When hurt, damage is shared between your health and your magic reserves.
Your bite disrupts and absorbs the magic of your enemies.
Potions and wands cannot restore your health.
You are immune to rotting.


Message History

* * * LOW HITPOINT WARNING * * *
The shock serpent closely misses you. You block the anaconda's attack.
* * * LOW HITPOINT WARNING * * *
The anaconda constricts you.
Your deep troll goes berserk!
You feel somewhat more hungry. You block the black mamba's attack.
The shock serpent barely misses you. You block the anaconda's attack.
* * * LOW HITPOINT WARNING * * *
The anaconda constricts you.
The black mamba bites you but does no damage.
The naga sharpshooter shoots an arrow.
The arrow hits you.
* * * LOW HITPOINT WARNING * * *
The naga spits poison at you.
The splash of poison hits your deep troll.
The anaconda bites you.
* * * LOW HITPOINT WARNING * * *
x2 The anaconda constricts you.
The shock serpent shoots out a bolt of lightning at you!
The bolt of electricity hits you!
You die...

#######..#########. ..
...................
#........#†.######.... #
#...........# ####.
#.##..#####.#..# #.
#..........(...#########.
#.............##.........
.......SS................
.....NTS@.............##.
..#..≈N..#...#..####.##.
.........((..............
...≈.≈≈≈..#..............
#..≈.≈≈≈..≈)......###.##.
≈..≈..............# #.##.
≈..≈.≈≈≈..≈≈......###.##.
≈..≈.≈≈≈..≈≈.......##.###
...................##.###


You could see a naga sharpshooter, an anaconda, a shock serpent, a black mamba,
a naga and a friendly deep troll (berserk).

Vanquished Creatures
  Rupert (Lair:6)
  Kirke (Lair:6)
  Maud (Orc:2)
  The ghost of SirMumm the Eclecticist, a journeyman DEWz of Vehumet (Orc:2)
  Harold (Orc:2)
  3 hydras (Lair:3)
  Erolcha (D:10)
  8 death yaks
  3 orc high priests (Orc:4)
  A shock serpent (Snake:1)
  The ghost of Iskender the Spear-Bearer, a novice GrCK of Xom (D:9)
  A sea snake (Snake:1)
  A hill giant (D:10)
  Pikel (D:7)
  A cyclops (Orc:3)
  A griffon (Lair:3)
  6 orc knights
  4 orc sorcerers (Orc:4)
  The ghost of xash the Conjurer, a novice DrWz of Sif Muna (Ossuary)
  14 elephants
  A naga mage (Snake:1)
  Maurice (Orc:2)
  11 black mambas
  4 sirens (Lair:4)
  3 ice statues (IceCv)
  11 spiny frogs
  8 komodo dragons
  A guardian mummy (Volcano)
  2 fire drakes
  A spriggan druid (Lair:8)
  9 polar bears
  2 trolls
  3 two-headed ogres
  5 blink frogs (Lair:8)
  3 boulder beetles
  14 spriggans (Lair:8)
  2 flying skulls (Volcano)
  4 redbacks (Lair:8)
  4 vampires (Volcano)
  2 basilisks (Lair:2)
  52 yaks
  A deep elf mage (D:7)
  A wyvern (Lair:6)
  4 humans (D:10)
  Grum (D:11)
  10 hippogriffs
  A hill giant skeleton (Volcano)
  46 wolves
  A hungry ghost (D:12)
  5 hogs (Lair:6)
  A warg (Lair:2)
  17 water moccasins
  2 merfolk skeletons (Volcano)
  A mottled dragon (D:10)
  5 nagas (Snake:1)
  12 porcupines
  Duvessa (D:4)
  4 slaves (D:7)
  15 ogres
  31 orc warriors
  7 black bears
  2 sky beasts
  19 ice beasts
  6 wasps
  3 phantoms
  A necrophage (D:8)
  10 centaurs
  4 manticore skeletons (Volcano)
  A big kobold (D:12)
  16 giant frogs
  16 crocodiles
  A wyvern skeleton (D:6)
  Dowan (D:4)
  3 scorpions
  A spriggan skeleton (Volcano)
  2 electric eels (Snake:1)
  7 wights
  33 killer bees
  A troll skeleton (Volcano)
  3 crimson imps
  24 orc priests
  A human zombie (Ossuary)
  2 centaur zombies (Ossuary)
  A jelly (D:9)
  2 centaur skeletons (Volcano)
  27 orc wizards
  A two-headed ogre skeleton (Volcano)
  10 worker ants
  3 hounds
  10 iguanas
  2 hell rats (D:7)
  5 sheep (Lair:7)
  5 mummies
  A hound skeleton (D:6)
  A hound zombie (D:11)
  5 worker ant zombies
  6 adders
  67 river rats
  2 shadow imps
  An ooze (D:2)
  An adder zombie (D:6)
  An adder skeleton (D:4)
  A worm (D:2)
  7 giant geckos
  142 orcs
  7 bats
  4 giant cockroaches
  2 goblins
  6 hobgoblins
  3 jackals (D:9)
  9 kobolds
  7 quokkas
  4 ball pythons
  A giant gecko skeleton (D:7)
  A giant gecko zombie (D:8)
  6 giant newts
  2 goblin zombies (Ossuary)
  A hobgoblin zombie (Ossuary)
  A kobold zombie (Ossuary)
  An orc zombie (Ossuary)
  A quokka zombie (D:7)
  24 rats
899 creatures vanquished.

Vanquished Creatures (collateral kills)
  An orc knight (Orc:4)
  A queen bee (D:10)
  5 killer bees (D:10)
7 creatures vanquished.

Vanquished Creatures (others)
  A death yak (Lair:8)
  A yak (Lair:8)
  An orc priest (Orc:4)
  An orc wizard (Orc:4)
  5 fungi
  3 plants (Lair:8)
12 creatures vanquished.

Grand Total: 918 creatures vanquished

Notes
Turn   | Place    | Note
--------------------------------------------------------------
     0 | D:1      | Kloppie the Vine Stalker Berserker began the quest for the Orb.
     0 | D:1      | Reached XP level 1. HP: 11/11 MP: 2/2
    71 | D:1      | Reached XP level 2. HP: 15/16 MP: 1/3
   246 | D:1      | Reached ** piety under Trog
   270 | D:1      | Reached skill level 3 in Short Blades
   276 | D:1      | Reached XP level 3. HP: 17/19 MP: 2/4
   737 | D:2      | Reached XP level 4. HP: 20/24 MP: 5/5
  1183 | D:3      | Reached *** piety under Trog
  1245 | D:3      | Noticed dalle's ghost (amateur HECj)
  1391 | D:4      | Found a sand-covered staircase.
  1410 | Ossuary  | Entered an ossuary
  1413 | Ossuary  | Noticed xash's ghost (novice DrWz)
  1430 | Ossuary  | Killed xash's ghost
  1430 | Ossuary  | Reached skill level 4 in Fighting
  1430 | Ossuary  | Reached XP level 5. HP: 18/29 MP: 6/6
  1430 | Ossuary  | Gained mutation: You heal very quickly. [Vine Stalker growth]
  1430 | Ossuary  | Reached XP level 6. HP: 20/33 MP: 7/7
  1430 | Ossuary  | Reached XP level 7. HP: 22/37 MP: 8/8
  1962 | D:4      | Noticed an ogre
  1983 | D:4      | Killed an ogre
  2184 | D:4      | Noticed Dowan
  2189 | D:4      | Noticed Duvessa
  2193 | D:4      | Killed Dowan
  2193 | D:4      | Gained mutation: You have razor-sharp teeth. [Vine Stalker growth]
  2193 | D:4      | Reached XP level 8. HP: 25/42 MP: 6/9
  2202 | D:4      | Killed Duvessa
  2202 | D:4      | Reached skill level 5 in Short Blades
  2239 | D:4      | Noticed a black bear
  2245 | D:4      | Killed a black bear
  2249 | D:4      | Found a blossoming altar of Fedhas.
  2579 | D:5      | Entered Level 5 of the Dungeon
  2829 | D:5      | Reached skill level 5 in Fighting
  2995 | D:5      | Found a snail-covered altar of Cheibriados.
  3162 | D:5      | Found a staircase to the Ecumenical Temple.
  3418 | D:6      | Found a sacrificial altar of Ru.
  3448 | D:6      | Reached XP level 9. HP: 44/47 MP: 10/10
  3572 | D:6      | Reached skill level 5 in Dodging
  3619 | D:6      | Reached skill level 5 in Armour
  3712 | D:6      | Reached skill level 6 in Short Blades
  4233 | D:7      | Received a gift from Trog
  4257 | D:7      | Noticed Pikel
  4306 | D:7      | Killed Pikel
  4306 | D:7      | Reached **** piety under Trog
  4306 | D:7      | Reached skill level 7 in Short Blades
  4306 | D:7      | Reached XP level 10. HP: 53/53 MP: 11/11
  4886 | D:8      | Found a sparkling altar of Nemelex Xobeh.
  5167 | D:8      | Identified a +0 pair of boots of running (You found it on level 8 of the Dungeon)
  5764 | D:9      | Noticed Iskender's ghost (novice GrCK)
  5891 | D:9      | Killed Iskender's ghost
  5891 | D:9      | Reached skill level 8 in Short Blades
  6166 | D:9      | Found a snail-covered altar of Cheibriados.
  6189 | D:9      | Reached ***** piety under Trog
  6189 | D:9      | Reached XP level 11. HP: 55/60 MP: 12/12
  6217 | D:9      | Reached skill level 1 in Shields
  6277 | D:9      | Found an iron altar of Okawaru.
  6310 | D:9      | Found a staircase to the Lair.
  6460 | D:9      | Found a shadowy altar of Dithmenos.
  6536 | Lair:1   | Entered Level 1 of the Lair of Beasts
  6953 | Lair:1   | Got a faintly glowing long sword
  6954 | Lair:1   | Identified the cursed +0 long sword "Rassen" {flame, rC++ Int-3} (You found it on level 1 of the Lair of Beasts)
  7269 | Lair:1   | Received a gift from Trog
  7629 | Lair:2   | Reached skill level 9 in Short Blades
  8430 | Lair:2   | Noticed a lindwurm
  8431 | Lair:2   | Noticed a lindwurm
  8476 | Lair:3   | Gained mutation: You regenerate. [Vine Stalker growth]
  8476 | Lair:3   | Reached XP level 12. HP: 21/67 MP: 9/13
  8529 | Lair:3   | Noticed a seven-headed hydra
  8553 | Lair:3   | Killed a seven-headed hydra
  8560 | Lair:3   | Reached skill level 10 in Short Blades
  8589 | Lair:3   | Reached skill level 10 in Fighting
  8756 | Lair:3   | Noticed a seven-headed hydra
  8767 | Lair:3   | Killed a seven-headed hydra
  8803 | Lair:3   | Noticed a four-headed hydra
  8818 | Lair:3   | Killed a four-headed hydra
  8990 | Lair:3   | Got a heavy robe
  9013 | Lair:3   | Received a gift from Trog
  9343 | Lair:3   | Identified the +2 robe of Sang {Dex+6} (You found it on level 3 of the Lair of Beasts)
  9480 | Lair:4   | Reached skill level 11 in Short Blades
  9696 | Lair:4   | Found a frozen archway.
  9815 | IceCv    | Entered an ice cave
  9844 | IceCv    | Reached XP level 13. HP: 74/74 MP: 14/14
  9869 | IceCv    | Got a pair of shimmering boots
  9880 | IceCv    | Got an ancient leather armour
  9888 | IceCv    | Identified the cursed -5 pair of boots of Love and Death {MR+ Regen+ Dex-5 Stlth+} (You found it in an ice cave)
  9899 | IceCv    | Identified the cursed +0 leather armour "Uziext" {+Inv rElec rF+} (You found it in an ice cave)
 10083 | Lair:4   | Found a staircase to the Shoals.
 10115 | Lair:4   | Received a gift from Trog
 10717 | Lair:4   | Reached skill level 12 in Short Blades
 11242 | Lair:5   | Found a staircase to the Snake Pit.
 11484 | Lair:5   | Found an ancient bone altar of Kikubaaqudgha.
 12046 | Lair:6   | Noticed Kirke
 12065 | Lair:6   | Killed Kirke
 12124 | Lair:6   | Noticed Rupert
 12154 | Lair:6   | Killed Rupert
 12257 | Lair:6   | Found a viscous altar of Jiyva.
 12260 | Lair:6   | Found a staircase to the Slime Pits.
 12633 | Lair:6   | Reached skill level 13 in Short Blades
 13327 | Lair:7   | Reached XP level 14. HP: 82/82 MP: 15/15
 13336 | Lair:7   | Received a gift from Trog
 14274 | Lair:1   | Identified a scroll of acquirement
 14366 | D:10     | Entered Level 10 of the Dungeon
 14421 | D:10     | Noticed Erolcha
 14484 | D:10     | Killed Erolcha
 14868 | D:10     | Received a gift from Trog
 15135 | D:11     | Found a staircase to the Orcish Mines.
 15629 | D:11     | Noticed Grum
 15679 | D:11     | Reached skill level 14 in Short Blades
 15684 | D:11     | Killed Grum
 15755 | D:11     | Found a deep blue altar of Sif Muna.
 16382 | D:12     | Found a roughly hewn altar of Beogh.
 16471 | D:12     | Received a gift from Trog
 16695 | Orc:1    | Entered Level 1 of the Orcish Mines
 16858 | Orc:1    | Found a dark tunnel.
 16867 | Volcano  | Entered a volcano
 17703 | Orc:2    | Noticed Maud
 17731 | Orc:2    | Killed Maud
 17764 | Orc:2    | Noticed SirMumm's ghost (journeyman DEWz)
 17798 | Orc:2    | Killed SirMumm's ghost
 18264 | Orc:2    | Reached ****** piety under Trog
 18320 | Orc:2    | Noticed Maurice
 18353 | Orc:2    | Killed Maurice
 18517 | Orc:2    | Noticed Harold
 18531 | Orc:2    | Killed Harold
 18790 | Orc:4    | Entered Level 4 of the Orcish Mines
 18837 | Orc:4    | Received a gift from Trog
 18974 | Orc:4    | Found a staircase to the Elven Halls.
 19105 | Orc:4    | Found Osiast's Food Boutique.
 19130 | Orc:4    | Reached XP level 15. HP: 37/88 MP: 12/16
 19575 | Orc:4    | Found Ytte's Weapon Boutique.
 19586 | Orc:4    | Found Ofaul's Antique Armour Shoppe.
 19612 | Orc:4    | Found Feethasoi's Distillery.
 19618 | Orc:4    | Bought a potion of might for 40 gold pieces
 20106 | Lair:8   | Entered Level 8 of the Lair of Beasts
 20600 | Lair:8   | Received a gift from Trog
 21129 | Lair:8   | Reached skill level 10 in Armour
 21193 | Lair:8   | Received a gift from Trog
 21342 | Lair:8   | Reached skill level 10 in Dodging
 21873 | Snake:1  | Entered Level 1 of the Snake Pit
 21897 | Snake:1  | Found a burning altar of Makhleb.
 21989 | Snake:1  | Reached skill level 1 in Long Blades
 21989 | Snake:1  | Reached skill level 1 in Evocations
 22150 | Snake:1  | Killed from afar by a shock serpent

Action                   |  1- 3 |  4- 6 |  7- 9 | 10-12 | 13-15 || total
-------------------------+-------+-------+-------+-------+-------++-------
Melee: Short sword       |   118 |    48 |   116 |       |    33 ||   315
       Dagger            |       |       |   330 |   396 |       ||   726
       Rapier            |       |       |       |   824 |  2844 ||  3668
       Long sword        |       |       |       |       |   125 ||   125
       Falchion          |       |       |       |       |     9 ||     9
Invok: Berserk           |     1 |     1 |     4 |     1 |     1 ||     8
       Trog's Hand       |       |     1 |     4 |     3 |    13 ||    21
       Brothers in Arms  |       |       |       |       |     4 ||     4
  Use: Scroll            |       |       |    20 |     8 |    13 ||    41
  Eat: Chunk             |     1 |     2 |    10 |    23 |    37 ||    73
       Beef jerky        |       |       |     2 |       |     4 ||     6
       Pizza             |       |       |     1 |       |     1 ||     2
       Meat ration       |       |       |       |       |     2 ||     2
       Royal jelly       |       |       |       |       |     1 ||     1
